 Dungeon Crawl Stone Soup version 0.30-a0-852-g08b95dd62f (webtiles) character file.

Game seed: 3712986971683206180

11944 greenreed the Ogre Mage (level 11, -2/97 HPs)
             Began as an Ogre Conjurer on Mar 4, 2023.
             Was an Elder of Vehumet.
             Slain by a death yak simulacrum (20 damage)
             ... in an ice cave on Mar 5, 2023.
             The game lasted 00:37:49 (15189 turns).

greenreed the Ogre Mage (Ogre Conjurer)            Turns: 15189, Time: 00:37:50

Health: -2/97      AC: 10    Str: 13    XL:     11   Next: 85%
Magic:  3/29       EV: 10    Int: 23    God:    Vehumet [****..]
Gold:   383        SH:  0    Dex:  7    Spells: 9/39 levels left

rFire   + . .      SeeInvis .    L - +6 shillelagh "Devastator" {shatter}
rCold   . . .      Faith    +    (no shield)
rNeg    . . .      Spirit   .    M - +2 robe {rF+}
rPois   .          Reflect  .    (helmet restricted)
rElec   .          Rampage  .    Q - +0 cloak
rCorr   +                        (gloves unavailable)
Will    +....                    (boots unavailable)
Stlth   ++                       y - amulet of faith
HPRegen 0.36/turn                l - ring of resist corrosion
MPRegen 0.21/turn                H - +4 ring of protection

@: hasted, very quick
A: large, unfitting armour, tough skin 1
a: Renounce Religion


You were in an ice cave.
You worshipped Vehumet.
Vehumet was greatly pleased with you.
You visited 2 branches of the dungeon, and saw 13 of its levels.
You also visited: Sewer and Ice Cave.

You collected 578 gold pieces.
You spent 195 gold pieces at shops.

Inventory:

Hand Weapons
 q - a +0 quick blade
 L - the +6 shillelagh "Devastator" (weapon) {shatter}
   (You found it on level 6 of the Dungeon)
Armour
 M - a +2 robe of fire resistance (worn)
 Q - a +0 cloak (worn)
Magical Staves
 p - a staff of air
 G - a staff of poison
Jewellery
 h - a ring of fire
 l - a ring of resist corrosion (left hand)
 y - an amulet of faith (around neck)
 z - a ring of fire
 H - a +4 ring of protection (right hand)
Wands
 w - a wand of paralysis (14)
 J - a wand of flame (19)
 N - a wand of quicksilver (11)
 R - a wand of roots (7)
Scrolls
 a - 3 scrolls of teleportation
 g - 4 scrolls of blinking
 j - 4 scrolls of enchant armour
 m - 2 scrolls of vulnerability
 o - 4 scrolls of poison
 s - a scroll of amnesia
 u - 4 scrolls of fog
 v - 3 scrolls of fear
 x - 3 scrolls of noise
 C - 3 scrolls of magic mapping
 F - a scroll of summoning
 I - 3 scrolls of enchant weapon
 K - 3 scrolls of silence
 O - 2 scrolls of torment
Potions
 b - 3 potions of magic
 c - 6 potions of curing
 d - 5 potions of cancellation
 e - 5 potions of lignification
 f - 3 potions of flight {unknown}
 i - 2 potions of heal wounds {unknown}
 k - 3 potions of might
 n - 3 potions of degeneration {unknown}
 r - a potion of haste
 t - 4 potions of brilliance {unknown}
 A - 5 potions of resistance
 B - 3 potions of mutation {unknown}
 D - 2 potions of ambrosia {unknown}
 E - 3 potions of attraction {unknown}
 P - a potion of invisibility {unknown}


   Skills:
 + Level 3.1 Fighting
 + Level 3.6 Dodging
 - Level 2.0 Stealth
 * Level 14.8 Spellcasting
 * Level 10.6 Conjurations
 + Level 0.3 Hexes
 + Level 4.0 Fire Magic


You had 9 spell levels left.
You knew the following spells:

 Your Spells              Type           Power      Damage    Failure   Level
a - Magic Dart            Conj           100%       1d8       1%          1
b - Searing Ray           Conj           100%       2d8       1%          2
c - Dazzling Flash        Conj/Hex       84%        N/A       1%          3
d - Scorch                Fire           70%        2d9       1%          2
e - Flame Wave            Conj/Fire      50%        2d12      1%          4
f - Tukima's Dance        Hex            18%        N/A       9%          3
g - Sticky Flame          Conj/Fire      50%        2d7       1%          4
h - Iskenderun's Mystic   Conj/Tloc      41%        2d9       1%          4
i - Orb of Destruction    Conj           30%        9d10      11%         7

Your spell library contained the following spells:

 Spells                   Type           Power      Damage    Failure   Level
 Hailstorm                Conj/Ice       41%        3d10      1%          3
 Kiss of Death            Conj/Necr      100%       2d13      1%          1
 Ignite Poison            Fire/Tmut/Pois 23%        N/A       1%          3
 Kindle Blastsparks       Fire/Tloc/Air  46%        2d13      1%          3
 Fulminant Prism          Conj/Hex       21%        3d12      1%          4
 Summon Small Mammal      Summ           68%        N/A       3%          1
 Ensorcelled Hibernation  Hex/Ice        34%        N/A       4%          2
 Freezing Cloud           Conj/Ice/Air   16%        6-21      6%          5
 Confusing Touch          Hex            18%        N/A       9%          3
 Portal Projectile        Hex/Tloc       34%        N/A       10%         3
 Summon Guardian Golem    Hex/Summ       17%        N/A       10%         3
 Call Canine Familiar     Summ           17%        N/A       11%         3
 Spider Form              Tmut/Pois      17%        N/A       11%         3
 Anguish                  Hex/Necr       8%         N/A       32%         4
 Dispel Undead            Necr           17%        3d10      34%         4
 Spellforged Servitor     Conj/Summ      20%        N/A       58%         7
 Blade Hands              Tmut           8%         N/A       67%         5
 Summon Cactus Giant      Summ           8%         N/A       99%         6


Dungeon Overview and Level Annotations

Branches:
Dungeon (12/15)            Temple (1/1) D:5            Lair (0/5) D:8
    Orc (0/2) D:10          Sewer (visited)           IceCv (1/1)

Altars:
Ashenzari
Cheibriados
Dithmenos
Elyvilon
Fedhas
Gozag
Hepliaklqana
Kikubaaqudgha
Makhleb
Nemelex Xobeh
Okawaru
Qazlal
Ru
Sif Muna
Trog
Uskayaw
Vehumet
Wu Jian
Xom
Yredelemnul
Zin
The Shining One

Shops:
D:8 (   D:10 [?([

Annotations:
D:8 2 runed translucent doors, exclusion: orange crystal statue


Innate Abilities, Weirdness & Mutations

You are too large for most types of armour.
You have tough skin. (AC +1)


Message History

Aiming: Searing Ray (safe; 1% risk of failure)
Press: ? - help, Shift-Dir - straight line, f - elephant simulacrum, p - death yak simulacrum
Aim: an elephant simulacrum (100% to hit)
The searing ray hits the polar bear simulacrum!
The polar bear simulacrum is heavily damaged.
The searing ray hits the elephant simulacrum!
The elephant simulacrum is moderately damaged. (Press . to maintain the ray.)
The searing ray misses the polar bear simulacrum.
The searing ray hits the elephant simulacrum!
The elephant simulacrum is almost destroyed.
The searing ray hits the polar bear simulacrum.
The polar bear simulacrum is heavily damaged.
The searing ray hits the elephant simulacrum.
The elephant simulacrum vaporises!
Vehumet accepts your kill.
Vehumet offers you knowledge of Hailstorm.
Without enough magic to sustain it, your searing ray dissipates.
You hit the polar bear simulacrum but do no damage.
The polar bear simulacrum is heavily damaged.
The polar bear simulacrum closely misses you.
The polar bear simulacrum claws you but does no damage. x2
You hit the polar bear simulacrum.
The polar bear simulacrum and the death yak simulacra shudder.
The polar bear simulacrum vaporises!
Vehumet accepts your kill.
You feel your power returning.
The death yak simulacrum is moderately damaged. x2
The death yak simulacrum gores you! The death yak simulacrum freezes you!
* * * LOW HITPOINT WARNING * * *
Aiming: Throw Flame
Press: ? - help, Shift-Dir - straight line, f - death yak simulacrum
Aim: a death yak simulacrum (moderately damaged, 100% to hit)
The puff of flame hits the death yak simulacrum.
The death yak simulacrum melts!
The death yak simulacrum is moderately damaged.
The death yak simulacrum gores you!
* * * LOW HITPOINT WARNING * * *
The death yak simulacrum freezes you!!
You die...

..##
...##
#...#
##...
#...#
##...##
##.....##
#...@ZZ.#
#.......#
##..∩..##
##...##
#####


You could see 2 death yak simulacra.

Vanquished Creatures
  3 two-headed ogres
  Erica (D:7)
  A manticore (D:11)
  2 kobold demonologists (D:11)
  An ice devil (D:12)
  A hornet (D:9)
  A wyvern (D:9)
  2 slime creatures (D:12)
  8 yaks (D:11)
  Eustachio (D:6)
  3 wraiths
  A vampire (D:8)
  A steam dragon (D:6)
  4 vampire mosquitoes (D:12)
  3 acid dragons (D:11)
  2 water moccasins
  A sky beast (D:7)
  5 orc warriors
  A black bear (D:4)
  4 ogres (D:6)
  2 centaurs
  2 phantoms
  7 bullfrogs
  7 kobold brigands
  A gnoll sergeant (D:11)
  A scorpion (D:5)
  7 wights
  18 killer bees
  An elephant simulacrum (IceCv)
  4 howler monkeys
  5 hounds
  4 jellies
  5 orc priests
  7 iguanas
  5 orc wizards
  A polar bear simulacrum (IceCv)
  6 gnolls
  A river rat (Sewer)
  15 adders
  2 shadow imps
  A white imp (D:6)
  3 adder zombies (D:2)
  4 worms
  2 dart slugs
  28 orcs
  A bat skeleton (D:2)
  7 endoplasms
  3 giant cockroaches
  7 goblins
  5 hobgoblins
  32 kobolds
  3 quokkas
  17 ball pythons
  2 ball python skeletons (D:2)
  A ball python zombie (D:2)
  8 bats
  4 frilled lizards
  A giant cockroach zombie (D:2)
  12 rats
288 creatures vanquished.

Vanquished Creatures (others)
  6 fungi (D:8)
  8 plants (D:8)
  3 withered plants (D:2)
17 creatures vanquished.

Grand Total: 305 creatures vanquished

Notes
Turn   | Place    | Note
-------+----------+-------------------------------------------
     0 | D:1      | greenreed the Ogre Conjurer began the quest for the Orb.
     0 | D:1      | Reached XP level 1. HP: 16/16 MP: 3/3
   209 | D:1      | Reached XP level 2. HP: 24/24 MP: 0/5
   701 | D:1      | Reached XP level 3. HP: 31/31 MP: 2/6
  1186 | D:1      | Learned a level 2 spell: Searing Ray
  1748 | D:2      | Reached skill level 3 in Spellcasting
  1923 | D:2      | Reached XP level 4. HP: 39/39 MP: 5/8
  2978 | D:3      | Found a glowing drain.
  2996 | Sewer    | Entered a sewer
  3265 | Sewer    | Noticed a kobold brigand
  3284 | Sewer    | Killed a kobold brigand
  3285 | Sewer    | Reached skill level 4 in Spellcasting
  3285 | Sewer    | Reached skill level 5 in Conjurations
  3285 | Sewer    | Reached XP level 5. HP: 23/45 MP: 1/11
  3530 | Sewer    | Noticed a kobold brigand
  3548 | Sewer    | Killed a kobold brigand
  3549 | Sewer    | Reached XP level 6. HP: 34/53 MP: 2/13
  3972 | Sewer    | Reached skill level 5 in Spellcasting
  4807 | D:4      | Noticed a black bear
  4813 | D:4      | Killed a black bear
  4814 | D:4      | Reached XP level 7. HP: 49/59 MP: 4/15
  5007 | D:4      | Reached skill level 6 in Spellcasting
  5307 | D:4      | Found a hazy altar of Hepliaklqana.
  5307 | D:4      | Found an ornate altar of the Wu Jian Council.
  5308 | D:4      | Found a sacrificial altar of Ru.
  5324 | D:4      | Found a glowing golden altar of the Shining One.
  5908 | D:5      | Entered Level 5 of the Dungeon
  6047 | D:5      | Reached skill level 7 in Spellcasting
  6047 | D:5      | Reached XP level 8. HP: 66/67 MP: 10/18
  6140 | D:5      | Found a staircase to the Ecumenical Temple.
  6196 | Temple   | Entered the Ecumenical Temple
  6363 | Temple   | Became a worshipper of Vehumet
  7048 | D:5      | Reached skill level 8 in Spellcasting
  7460 | D:6      | Reached skill level 9 in Spellcasting
  7460 | D:6      | Reached XP level 9. HP: 52/75 MP: 9/22
  7807 | D:6      | Found the +6 shillelagh "Devastator" {shatter}
  8028 | D:6      | Reached * piety under Vehumet
  8028 | D:6      | Offered knowledge of Sandblast by Vehumet.
  8033 | D:6      | Learned a level 3 spell: Dazzling Flash
  8260 | D:6      | Learned a level 2 spell: Scorch
  8265 | D:6      | Learned a level 4 spell: Flame Wave
  8364 | D:6      | Noticed Eustachio
  8379 | D:6      | Killed Eustachio
  8380 | D:6      | Reached skill level 10 in Spellcasting
  9087 | D:7      | Found a hide-covered altar of Uskayaw.
  9575 | D:7      | Identified the +3 leather armour of Jovise {rF+ rN++ Str+4}
  9668 | D:8      | Noticed a two-headed ogre
  9675 | D:8      | Killed a two-headed ogre
  9676 | D:8      | Reached skill level 1 in Fighting
  9676 | D:8      | Reached skill level 11 in Spellcasting
  9676 | D:8      | Reached skill level 1 in Fire Magic
  9676 | D:8      | Reached XP level 10. HP: 76/84 MP: 11/25
  9779 | D:8      | Found a runed translucent door.
  9783 | D:8      | Found the +10 tower shield of Ignorance {rN+ Int-4}
  9799 | D:8      | Found a runed translucent door.
  9800 | D:8      | Noticed an orange crystal statue
 10116 | D:8      | Noticed Erica
 10322 | D:7      | Killed Erica
 10482 | D:8      | Found a staircase to the Lair.
 10503 | D:8      | Found Kemmisor's Weapon Emporium.
 10718 | D:8      | Reached skill level 12 in Spellcasting
 10812 | D:8      | Learned a level 3 spell: Tukima's Dance
 10872 | D:8      | Noticed a two-headed ogre
 10882 | D:8      | Killed a two-headed ogre
 10955 | D:8      | Reached ** piety under Vehumet
 11010 | D:8      | Offered knowledge of Poisonous Vapours by Vehumet.
 11543 | D:9      | Reached skill level 13 in Spellcasting
 11544 | D:9      | Paralysed by a hornet for 2 turns
 12108 | D:9      | Reached XP level 11. HP: 79/93 MP: 16/28
 12350 | D:9      | Offered knowledge of Static Discharge by Vehumet.
 12624 | D:10     | Entered Level 10 of the Dungeon
 12648 | D:10     | Found Ilask's Magic Scroll Shop.
 12651 | D:10     | Bought a scroll of identify for 30 gold pieces
 12651 | D:10     | Bought a scroll of identify for 30 gold pieces
 12651 | D:10     | Bought a scroll of poison for 60 gold pieces
 12651 | D:10     | Bought a scroll of teleportation for 45 gold pieces
 12651 | D:10     | Bought a scroll of identify for 30 gold pieces
 12875 | D:10     | Found Mihi's Weapon Shop.
 12934 | D:10     | Reached *** piety under Vehumet
 13136 | D:10     | Found a staircase to the Orcish Mines.
 13160 | D:10     | Found Noityhyj's Antique Armour Boutique.
 13256 | D:10     | Found Notixyc's Armour Shoppe.
 13508 | D:11     | Reached skill level 10 in Conjurations
 13508 | D:11     | Offered knowledge of Sticky Flame by Vehumet.
 13516 | D:11     | Learned a level 4 spell: Sticky Flame
 14193 | D:11     | Reached skill level 14 in Spellcasting
 14398 | D:11     | Reached **** piety under Vehumet
 14670 | D:11     | Noticed a manticore
 14699 | D:11     | Learned a level 4 spell: Iskenderun's Mystic Blast
 14711 | D:11     | Learned a level 7 spell: Orb of Destruction
 14748 | D:11     | Killed a manticore
 15109 | D:12     | Noticed a two-headed ogre
 15115 | D:12     | Killed a two-headed ogre
 15169 | D:12     | Found a frozen archway.
 15178 | IceCv    | Entered an ice cave
 15182 | IceCv    | Offered knowledge of Hailstorm by Vehumet.
 15189 | IceCv    | Slain by a death yak simulacrum

Illustrated notes

Levels and vault maps discovered:
D:1:      minmay_arrival_four_houses, layout_basic
D:2:      layout_basic, serial_undead, serial_undead_e, serial_undead_d,
          serial_undead_c, serial_undead_c, serial_undead_f, serial_undead_e,
          serial_undead_d, serial_undead_a, serial_undead_f, serial_undead_d,
          hex_medium, patterned_corridor
D:3:      layout_loops_ring, cheibrodos_sewer_entry_sluice
D:4:      layout_loops_ring, nicolae_overflow_quartered_altars
D:5:      layout_cave_pools, temple_pool_b, minivault_19
D:6:      layout_basic, dilly_guarded_unrand_devastator, uniq_eustachio
D:7:      layout_cave_pods, nicolae_uskayaw_murder_on_the_dancefloor,
          serial_park_tiny_2, kennysheep_generic_room_13
D:8:      minmay_bubble_buster, layout_loops_ring, dpeg_oklobed_lair,
          serial_shops, nicolae_shop_advertising_works
          [nicolae_subvault_shop_adworks], chequers_guarded_unrand_ignorance,
          uniq_erica
D:9:      layout_irregular_city, kennysheep_minor_cross
D:10:     layout_long_grid, erik_orc_4, serial_shops, nicolae_shop_trees,
          nicolae_shop_trees, nicolae_shop_window_shopping,
          nicolae_shop_behind_doors
D:11:     layout_gridville
D:12:     layout_irregular_city, portal_ice_cave_demonic_guard
Temple:   minmay_crystal_spiral_temple
IceCv:    ice_cave_small_necro

Skill      XL: |  1  2  3  4  5  6  7  8  9 10 11 |
---------------+----------------------------------+-----
Conjurations   | 4 5 6 7 8 9 10 | 10.6
Spellcasting   | 3 4 5 7 9 11 13 14 | 14.8
Stealth        | 2 |  2.0
Dodging        | 2 3 |  3.6
Fighting       | 1 3 |  3.1
Fire Magic     | 1 3 4 |  4.0
Hexes          | |  0.3

Action                     |  1- 3 |  4- 6 |  7- 9 | 10-12 || total
---------------------------+-------+-------+-------+-------++-------
  Melee: Shillelagh        |       |       |       |     7 ||     7
         Punch             |       |       |       |     1 ||     1
   Cast: Magic Dart        |    81 |   105 |   199 |   147 ||   532
         Searing Ray       |       |     8 |    30 |    45 ||    83
         Scorch            |       |       |     8 |    27 ||    35
         Flame Wave        |       |       |     2 |    15 ||    17
         Dazzling Flash    |       |       |       |     2 ||     2
         Sticky Flame      |       |       |       |     3 ||     3
         Orb of Destructio |       |       |       |     3 ||     3
         Tukima's Dance    |       |       |       |     2 ||     2
  Evoke: Wand              |       |       |       |     1 ||     1
    Use: Scroll            |       |       |       |    17 ||    17
         Potion            |       |       |       |     1 ||     1
 Armour: Robe              |     3 |     7 |    20 |    87 ||   117
  Dodge: Dodged            |     5 |     6 |    38 |   121 ||   170

Table legend: (Time is in decaauts)
 A = Elapsed time spent in this place.
 B = Non-inter-level travel time spent in this place.
 C = Inter-level travel time spent in this place.
 D = Time resting spent in this place.
 E = Time spent auto-exploring this place.
 F = Levels seen in this place.
 G = Mean time per level.
                   A        B        C        D        E       F      G
               +--------+--------+--------+--------+--------+-----+--------+
         Total |  15240 |  14738 |    502 |   1146 |  11615 |  15 | 1016.0 |
       Dungeon |  13771 |  13358 |    413 |   1122 |  10411 |  12 | 1147.6 |
        Temple |    280 |    191 |     89 |      0 |    174 |   1 |  280.0 |
         Sewer |   1180 |   1180 |      0 |     24 |   1030 |   1 | 1180.0 |
      Ice Cave |      7 |      7 |      0 |      0 |      0 |   1 |    7.0 |
               +--------+--------+--------+--------+--------+-----+--------+

Top non-repeatable levels by time:
     D:2: 1481 daAuts
     D:8: 1475 daAuts
     D:7: 1456 daAuts
     D:1: 1430 daAuts
     D:9: 1364 daAuts
    D:11: 1318 daAuts
     D:6: 1208 daAuts
   Sewer: 1180 daAuts
     D:4: 1165 daAuts
     D:5: 1091 daAuts
    D:10: 893 daAuts
     D:3: 647 daAuts
  Temple: 280 daAuts
    D:12: 236 daAuts
   IceCv: 7 daAuts
